 Dungeon Crawl Stone Soup version 0.17-b1-15-g0f5fb43 (webtiles) character file.

571 HaroldButt the Caller (level 7, -3/50 HPs)
             Began as a Mummy Summoner on Nov 2, 2015.
             Was an Initiate of Sif Muna.
             Shot with an arrow by a centaur (12 damage)
             ... on level 7 of the Dungeon.
             The game lasted 00:29:54 (5303 turns).

HaroldButt the Caller (Mummy Summoner)              Turns: 5303, Time: 00:29:54

Health: -3/50      AC:  4    Str: 11    XL:     7   Next: 11%
Magic:  3/11       EV: 12    Int: 17    God:    Sif Muna [......]
Gold:   80         SH:  0    Dex: 16    Spells: 4 memorised, 2 levels left

rFire  x . .     SeeInvis .     i - +0 dagger
rCold  + . .     Clarity  .     a - +0 robe
rNeg   + + +     SustAt   .     (no shield)
rPois  ∞         Gourm    .     (no helmet)
rElec  .         Spirit   .     e - +0 cloak
rCorr  .         Warding  .     k - +0 pair of gloves
rMut   .         Stasis   .     (no boots)
MR     .....                    j - amulet of regeneration
Stlth  ++........               (no ring)
                                h - +4 ring of dexterity

@: not resistant to hostile enchantments, unstealthy
A: no food or potions, fire vulnerability, cold resistance 1, negative energy
resistance 3, torment resistance, unbreathing
a: Renounce Religion


You were on level 7 of the Dungeon.
You worshipped Sif Muna.
Sif Muna was noncommittal.
You were not hungry.

You visited 2 branches of the dungeon, and saw 8 of its levels.

You collected 260 gold pieces.
You spent 180 gold pieces at shops.

Inventory:

Hand Weapons
 g - a +0 whip
 i - a +0 dagger (weapon)
 n - a +0 blowgun
Missiles
 o - 23 poisoned needles
 q - 126 stones (quivered)
 s - 2 throwing nets
Armour
 a - a +0 robe (worn)
 e - a +0 cloak (worn)
 k - a +0 pair of gloves (worn)
Jewellery
 h - a +4 ring of dexterity (left hand)
 j - an amulet of regeneration (around neck)
Wands
 u - a wand of digging (11)
Scrolls
 c - 3 scrolls of remove curse
 d - a scroll of random uselessness
 f - a scroll of amnesia
 l - 2 scrolls of teleportation
 m - 2 scrolls of fog
 p - a scroll of fear
 r - a scroll of immolation
 t - a scroll of noise {unknown}
 v - a scroll of enchant armour {unknown}
Books
 b - a book of Callings

   Spells                             Type                      Level
   a - Summon Small Mammal            Summoning                    1
   b - Call Imp                       Summoning                    2
   c - Call Canine Familiar           Summoning                    3
   d - Summon Guardian Golem          Hexes/Summoning              3
   e - Summon Lightning Spire         Summoning/Air                4
   f - Summon Ice Beast               Ice/Summoning                4


   Skills:
 - Level 2.0 Fighting
 + Level 1.7 Dodging
 - Level 1.6 Stealth
 + Level 3.1 Spellcasting
 * Level 5.7 Summonings
 * Level 2.6 Ice Magic


You had 2 spell levels left.
You knew the following spells:

 Your Spells              Type           Power        Failure   Level  Hunger
a - Summon Small Mammal   Summ           ###.         1%          1    N/A
b - Call Imp              Summ           ###.....     2%          2    N/A
c - Call Canine Familiar  Summ           ###.....     6%          3    N/A
d - Summon Ice Beast      Ice/Summ       ###.....     38%         4    N/A

Dungeon Overview and Level Annotations

Branches:
Dungeon (7/15)             Temple (1/1) D:6

Altars:
Ashenzari
Cheibriados
Elyvilon
Fedhas
Gozag
Kikubaaqudgha
Nemelex Xobeh
Okawaru
Ru
Sif Muna
Trog
Vehumet
Xom
Yredelemnul
Zin
The Shining One

Shops:
D:7 *


Innate Abilities, Weirdness & Mutations

You do not eat or drink.
Your flesh is vulnerable to fire.
You are immune to poison.
Your flesh is cold resistant.
You are immune to negative energy.
You are immune to unholy pain and torment.
You can survive without breathing.


Message History

The arrow closely misses you.
The arrow hits the centaur zombie.
The centaur zombie hits you.
* * * LOW HITPOINT WARNING * * *
Your hound bites the centaur but does no damage.
Your iron imp hits the centaur zombie.
Your crimson imp hits the centaur.
The centaur shoots an arrow.
The arrow hits your crimson imp.
Your crimson imp blinks!
Your hound bites the centaur.
The centaur zombie hits you.
* * * LOW HITPOINT WARNING * * *
The centaur unwields an uncursed shortbow.
The centaur hits your crimson imp.
Your hound bites the centaur.
Your crimson imp barely misses the centaur.
Your iron imp hits the centaur zombie!
The centaur zombie closely misses you.
Unknown command.
You completely miss the centaur zombie.
The centaur wields an uncursed shortbow.
The centaur shoots an arrow.
The arrow closely misses your crimson imp.
The arrow hits you!
You die...

.. .... .... #.O# ...
#.c# .. # #..# .# ###.
#..# ##.#
.....#######c######.#
......5@(..5h§#..>[.##
......Z.(..((.5..##..##
.##..########.######..##
#. #.# ##... # #.# #...
#.# #..## #.. #..## ...
.... ... ....####


You could see a centaur, a centaur zombie, a friendly hound, a friendly iron imp
and 2 friendly crimson imps.

Vanquished Creatures
  A giant frog (D:4)
  9 adders
  An ooze (D:4)
  An adder zombie (D:6)
  A worm (D:3)
  A giant gecko (D:6)
  6 orcs
  3 bats
  5 giant cockroaches
  7 goblins
  6 hobgoblins
  3 jackals
  7 kobolds
  2 quokkas
  4 giant newts
  A rat (D:3)
58 creatures vanquished.

Vanquished Creatures (collateral kills)
  A phantom (D:3)
  A sky beast (D:5)
  3 ogres
  2 giant frog skeletons (D:5)
  A hound (D:4)
  3 worker ants
  4 adders
  A worker ant zombie (D:6)
  3 gnolls (D:4)
  An ooze (D:1)
  A giant gecko (D:3)
  14 orcs
  A ball python (D:3)
  3 bats
  A giant cockroach (D:1)
  5 hobgoblins
  7 jackals
  7 kobolds
  A giant newt (D:1)
  12 goblins
  3 rats
75 creatures vanquished.

Grand Total: 133 creatures vanquished

Notes
Turn   | Place    | Note
--------------------------------------------------------------
     0 | D:1      | HaroldButt the Mummy Summoner began the quest for the Orb.
     0 | D:1      | Reached XP level 1. HP: 13/13 MP: 3/3
   315 | D:1      | Reached XP level 2. HP: 17/19 MP: 5/5
   325 | D:1      | Learned a level 2 spell: Call Imp
  1150 | D:2      | Found a shattered altar of Ashenzari.
  1178 | D:2      | Found a white marble altar of Elyvilon.
  1178 | D:2      | Found a glowing golden altar of the Shining One.
  1178 | D:2      | Found a glowing silver altar of Zin.
  1241 | D:2      | Reached XP level 3. HP: 20/24 MP: 6/6
  1255 | D:2      | Learned a level 3 spell: Call Canine Familiar
  1289 | D:2      | Found a snail-covered altar of Cheibriados.
  1353 | D:2      | Reached skill level 4 in Summonings
  1357 | D:2      | Found a sparkling altar of Nemelex Xobeh.
  1690 | D:3      | Reached XP level 4. HP: 12/30 MP: 4/8
  1996 | D:3      | Noticed a phantom
  2221 | D:3      | Killed a phantom
  2221 | D:3      | Reached XP level 5. HP: 35/35 MP: 3/9
  2804 | D:4      | Reached skill level 5 in Summonings
  2837 | D:4      | Learned a level 4 spell: Summon Ice Beast
  2843 | D:4      | Found an ancient bone altar of Kikubaaqudgha.
  3067 | D:4      | Reached skill level 1 in Fighting
  3160 | D:4      | Noticed a giant frog
  3169 | D:4      | Killed a giant frog
  3169 | D:4      | Reached skill level 1 in Ice Magic
  3187 | D:4      | Reached XP level 6. HP: 41/43 MP: 6/10
  3826 | D:5      | Entered Level 5 of the Dungeon
  4609 | D:6      | Found a staircase to the Ecumenical Temple.
  4616 | Temple   | Entered the Ecumenical Temple
  4689 | Temple   | Became a worshipper of Sif Muna the Loreminder
  4832 | D:6      | Reached XP level 7. HP: 44/50 MP: 11/11
  4996 | D:7      | Found Gasmiss's Assorted Antiques.
  5011 | D:7      | Bought a scroll of teleportation for 90 gold pieces
  5011 | D:7      | Bought a scroll of identify for 60 gold pieces
  5011 | D:7      | Bought a scroll labeled TEXIKOBRITS for 30 gold pieces
  5303 | D:7      | Shot with an arrow by a centaur

Action                   |  1- 3 |  4- 6 |  7- 9 || total
-------------------------+-------+-------+-------++-------
Melee: Unarmed           |    12 |       |       ||    12
       Whip              |    28 |       |       ||    28
       Dagger            |    70 |   266 |    62 ||   398
 Cast: Summon Small Mamm |    34 |     6 |       ||    40
       Call Imp          |     4 |    26 |     4 ||    34
       Call Canine Famil |       |    14 |     3 ||    17
  Use: Scroll            |     1 |     5 |     1 ||     7
 Stab: Sleeping          |     1 |     4 |     5 ||    10
       Distracted        |       |     1 |       ||     1
